 Dungeon Sprint DCSS version 0.25-a0-571-gb5e01bddfa (webtiles) character file.

Game seed: 1538916434975151505, levelgen mode: deterministic

32 McKennaii the Covered (level 3, 0/30 HPs)
             Began as a Demonspawn Fighter on Feb 29, 2020.
             Slain by a crimson imp (3 damage)
             ... in the Dungeon (Sprint IX: "|||||||||||||||||||||||||||||").
             The game lasted 00:00:47 (105 turns).

McKennaii the Covered (Demonspawn Fighter)           Turns: 105, Time: 00:00:49

Health: 0/30       AC:  7    Str: 17    XL:     3   Next: 8%
Magic:  3/3        EV:  7    Int:  9    God:
Gold:   0          SH:  8    Dex: 12    Spells: 2/2 levels left

rFire    . . .     SeeInvis .   a - +0 trident
rCold    . . .     Gourm    .   c - +0 kite shield
rNeg     . . .     Faith    .   b - +0 scale mail
rPois    .         Spirit   .   (no helmet)
rElec    .         Reflect  .   (no cloak)
rCorr    .         Harm     .   (no gloves)
MR       .....     NoTele   +   (no boots)
Stlth    ..........             (no amulet)
HPRegen  0.10/turn              (no ring)
MPRegen  0.08/turn              (no ring)

@: lethally poisoned (0 -> -2), berserk cooldown, slowed, very slow
A: talons 1
a: no special abilities


You were in the Dungeon.
You were not hungry.

You visited 1 branch

Inventory:

Hand Weapons
 a - a +0 trident (weapon)
Armour
 b - a +0 scale mail (worn)
 c - a +0 kite shield (worn)
Scrolls
 k - a scroll of blinking
Potions
 d - a potion of might
 e - a potion of curing
 g - a potion of heal wounds
 h - a potion of haste
 i - 2 potions of magic
Comestibles
 f - a ration


   Skills:
 + Level 4.1 Fighting
 * Level 3.8 Polearms
 + Level 4.3 Armour
 + Level 0.7 Dodging
 - Level 2.6 Shields


You had 2 spell levels left.
You didn't know any spells.
Your spell library was empty.

Dungeon Overview and Level Annotations

Branches:
Dungeon (1/1)

Altars:


Innate Abilities, Weirdness & Mutations

You have sharp toenails.


Message History

You feel sick. The crimson imp barely misses you.
The crimson imp hits you but does no damage.
You hit the crimson imp. You claw the crimson imp.
The crimson imp is almost dead.
You feel sick. The crimson imp closely misses you.
You closely miss the crimson imp.
The crimson imp is severely wounded.
The crimson imp closely misses you. The crimson imp barely misses you.
You hit the crimson imp but do no damage.
You claw the crimson imp.
The crimson imp is almost dead.
You feel sick. You block the crimson imp's attack. The crimson imp hits you.
* * * LOW HITPOINT WARNING * * *
You closely miss the crimson imp. Your kick misses the crimson imp.
The crimson imp is severely wounded.
* * * LOW HITPOINT WARNING * * *
You feel sick.
The crimson imp hits you but does no damage.
The crimson imp hits you.
You die...

▓.▓
▓.▓
▓'▓
▓.▓
▓.▓
▓.▓
▓.▓
▓.▓
▓@▓
▓5▓
▓.▓
▓.▓
▓.▓
▓.▓
▓+▓


You could see a crimson imp.

Vanquished Creatures
  A worker ant (D)
  An orc (D)
  A giant cockroach zombie (D)
  A quokka zombie (D)
  5 rats (D)
9 creatures vanquished.

Vanquished Creatures (others)
  A spatial maelstrom (D)
1 creature vanquished.

Grand Total: 10 creatures vanquished

Notes
Turn   | Place    | Note
-------+----------+-------------------------------------------
     0 | D        | McKennaii the Demonspawn Fighter began the quest for the
                  | Orb.
     0 | D        | Reached XP level 1. HP: 18/18 MP: 1/1
     6 | D        | Banished a spatial maelstrom
    65 | D        | Noticed a crimson imp
    65 | D        | Noticed a worker ant
    86 | D        | Killed a worker ant
    86 | D        | Gained mutation: You have sharp toenails. [demonic
                  | ancestry]
    86 | D        | Reached XP level 2. HP: 17/25 MP: 2/2
    86 | D        | Reached XP level 3. HP: 20/30 MP: 3/3
   105 | D        | Slain by a crimson imp

Levels and vault maps discovered:
D:        linesprint [early_d, line_temple, items_1, d_10, items_2, lair_1,
          lair_end, items_3, orc_1, orc_end, items_4, d_15, swamp_1, shoals_1,
          snake_1, spider_1, d_20, vaults_1, items_5, swamp_end, shoals_end,
          snake_end, spider_end, vaults_end, d_27, items_6, zot_1, zot_end,
          crypt_end, forest_end, elf_end, slime_end, tomb_end, abyss_end,
          pan_hell_end]

Skill      XL: |  1 |
---------------+----+-----
Polearms       | 3 |  3.8
Armour         | 4 |  4.3
Fighting       | 4 |  4.1
Dodging        | |  0.7
Shields        | |  2.6

Action                   || total
-------------------------++-------
Melee: Trident           ||    50
       Kick              ||     7
  Use: Potion            ||     1
Armor: Scale mail        ||    19
Dodge: Dodged            ||    12
Block: Kite shield       ||    21

Table legend:
 A = Non-vault XP
 B = Vault XP
 C = Vault XP percentage of total XP
 D = Non-vault monster count
 E = Vault monster count
 F = Vault count percentage of total count
                 A         B        C        D         E       F
            +---------+---------+-------+---------+---------+-------
      Total |       0 |      46 | 100.0 |       0 |       9 | 100.0
            +---------+---------+-------+---------+---------+-------
          D |       0 |      46 | 100.0 |       0 |       9 | 100.0
            +---------+---------+-------+---------+---------+-------
